Nordiques vs Bruins
(R3)
Created - 16 octobre 2014 at 19:11
Goals
|
Nordiques |
1 |
2 |
0 |
3 |
Bruins |
0 |
0 |
2 |
2 |
|
Shots
|
Nordiques |
8 |
13 |
13 |
34 |
Bruins |
8 |
4 |
8 |
20 |
|
1st period
1. Nordiques , Ryan Bayda 3 (Matt Smaby, Mattias Weinhandl) at 2:15
Penalties :
Wojtek Wolski (Bos) for Holding (Minor) at 2:23, Ed Jovanovski (Que) for High sticking (Minor) at 13:49
2nd period
2. Nordiques , Sergei Samsonov 4 (Peter Prucha, Brooks Laich) at 10:31 (PP)
3. Nordiques , Brooks Laich 5 (Sergei Samsonov, Ed Jovanovski) at 19:23
Penalties :
Peter Prucha (Que) for Slashing (Minor) at 0:24, Sergei Samsonov (Que) for Hooking (Minor) at 4:32, Dave Bolland (Bos) for Interference (Minor) at 7:12, Matt Hendricks (Bos) for Hooking (Minor) at 10:17, Eric Lindros (Bos) for Cross-checking (Minor) at 10:51, Jeff Carter (Bos) for Goalie Interference (Minor) at 13:09, Alexei Ponikarovsky (Que) for Elbowing (Minor) at 16:53, Jordan Leopold (Que) for Hooking (Minor) at 18:47, Vitali Yachmenev (Bos) for Hooking (Minor) at 19:06
3rd period
4. Bruins , Wojtek Wolski 7 (Vitali Yachmenev, Eric Lindros) at 4:46
5. Bruins , Ryan O'Byrne 2 (Victor Oreskovich, Wojtek Wolski) at 19:31 (PP)
Penalties :
Janne Niskala (Que) for Boarding (Minor) at 1:59, Vitali Yachmenev (Bos) for Interference (Minor) at 10:47, Nick Schultz (Que) for High sticking (Minor) at 14:26, Victor Oreskovich (Bos) for Interference (Minor) at 17:15, Peter Prucha (Que) for Holding (Minor) at 17:20, Chris Pronger (Que) for Slashing (Minor) at 18:53, Chris Pronger (Que) for Interference (Minor) at 19:58
Goalie Stats
Jean-Sébastien Giguère (Que), 18 saves from 20 shots - (0,900), W, 4-5-0, 60:00 minutes
Evgeni Nabokov (Bos), 31 saves from 34 shots - (0,912), L, 5-3-1, 59:39 minutes
Players Stats for Nordiques
Player Name G A P +/- PIM S H SB GA TA FO MP PP MP PK MP
------------------------------------------------------------------------------------
Alexei Ponikarovsky 0 0 0 0 2 1 1 0 0 1 0/0 8:06 0:11 1:08
Brooks Laich 1 1 2 0 0 3 0 0 0 2 11/27 25:37 6:03 7:09
Chris Pronger 0 0 0 1 4 3 1 3 0 1 0/0 28:45 5:28 7:04
Colin Fraser 0 0 0 0 0 0 0 0 0 0 1/3 7:17 0:00 0:54
Ed Jovanovski 0 1 1 1 2 2 0 0 0 0 0/0 10:38 0:00 0:00
Janne Niskala 0 0 0 0 2 0 0 1 0 1 0/0 11:15 0:00 1:39
Jonathan Matsumoto 0 0 0 1 0 0 0 0 0 0 2/3 8:28 0:00 0:00
Jordan Eberle 0 0 0 0 0 0 1 0 0 0 1/1 12:11 4:16 0:00
Jordan Leopold 0 0 0 0 2 1 2 2 0 1 0/0 28:36 5:47 7:32
Matt Ellison 0 0 0 0 0 3 0 0 1 0 0/0 6:26 0:05 0:00
Matt Smaby 0 1 1 0 0 1 2 1 2 1 0/0 21:17 5:05 5:04
Mattias Weinhandl 0 1 1 1 0 2 0 0 0 0 0/1 10:55 0:00 2:00
Nick Schultz 0 0 0 0 2 0 2 1 0 0 0/0 20:26 5:05 4:14
Patrik Elias 0 0 0 0 0 0 1 1 0 0 0/0 17:02 4:16 3:47
Peter Prucha 0 1 1 -1 4 1 2 1 1 0 0/4 19:20 5:46 3:16
Ryan Bayda 1 0 1 1 0 5 0 0 0 0 0/0 9:25 0:20 0:00
Sergei Samsonov 1 1 2 0 2 8 3 0 0 1 7/21 25:24 6:06 6:49
Tyler Arnason 0 0 0 0 0 4 0 0 1 0 5/9 12:11 4:16 0:00
Players Stats for Bruins
Player Name G A P +/- PIM S H SB GA TA FO MP PP MP PK MP
------------------------------------------------------------------------------------
Andrew Alberts 0 0 0 -2 0 0 1 1 1 0 0/0 31:04 8:08 5:47
Christoph Schubert 0 0 0 0 0 0 0 0 0 0 0/0 8:03 0:00 0:00
Dainius Zubrus 0 0 0 -1 0 1 0 0 0 0 1/1 14:00 0:00 3:31
Dave Bolland 0 0 0 0 2 0 0 0 0 0 1/2 6:09 0:00 1:17
Eric Lindros 0 1 1 0 2 2 3 0 1 0 19/28 24:38 7:16 4:40
Éric Perrin 0 0 0 0 0 0 0 0 0 0 0/0 0:08 0:00 0:08
Jason Demers 0 0 0 1 0 1 0 0 0 1 0/0 20:53 4:18 4:46
Jeff Carter 0 0 0 0 2 1 2 1 0 0 4/11 17:21 5:10 2:14
Mark Stuart 0 0 0 1 0 0 3 1 0 1 0/0 20:53 4:18 4:46
Matt Cooke 0 0 0 -1 0 2 1 0 1 0 0/0 12:05 0:00 1:32
Matt Hendricks 0 0 0 -1 2 2 2 0 0 0 3/4 9:19 0:00 0:00
Ryan O'Byrne 1 0 1 -2 0 2 0 2 2 1 0/0 31:04 8:08 5:47
Scott Hartnell 0 0 0 0 0 1 2 0 1 0 0/3 18:31 5:10 3:26
Tom Gilbert 0 0 0 0 0 0 1 2 0 1 0/0 8:03 0:00 0:00
Victor Oreskovich 0 1 1 0 2 0 2 0 0 0 0/0 14:52 5:27 0:00
Viktor Stalberg 0 0 0 0 0 0 1 0 0 0 0/0 4:42 0:00 0:00
Vitali Yachmenev 0 1 1 1 4 2 4 0 0 0 1/1 16:45 6:58 0:00
Wojtek Wolski 1 1 2 0 2 6 3 0 2 1 13/19 27:15 7:16 4:18
3 Stars
1 - Brooks Laich (Que)
2 - Sergei Samsonov (Que)
3 - Wojtek Wolski (Bos)
Power Play
Nordiques - 1 on 8 Attempt(s) - 12,50%
Bruins - 1 on 10 Attempt(s) - 10,00%
Penalty Kill
Nordiques - 9 on 10 Attempt(s) - 90,00%
- Score 0 goal in Penalty Kill
Bruins - 7 on 8 Attempt(s) - 87,50%
- Score 0 goal in Penalty Kill
Official
Referees : Watson Brad and Sutherland Kelly
Linesman : Brad Lazarowich and Lonnie Cameron
Game Notes
No Game Note
Finance
Level 1 -- Attendance: 4156 (69,27%) -- Ticket Income 411 444 $
Level 2 -- Attendance: 3878 (77,56%) -- Ticket Income 228 802 $
Level 3 -- Attendance: 2000 (100,00%) -- Ticket Income 58 000 $
Level 4 -- Attendance: 3668 (91,70%) -- Ticket Income 69 692 $
Luxury Box -- Attendance: 770 (77,00%) -- Ticket Income 145 530 $
Game was played at the TD Banknorth Garden
Total Attendance: 14472 (80,40%)
Total Ticket Income: 913 468 $
Other Income: 137 020 $
Total Income: 1 050 488 $
Nordiques
5 vs 5 Forward
Center Left Wing Right Wing Time % Phy DF OF
1 Brooks Laich Sergei Samsonov Peter Prucha 40 1 2 2
2 Tyler Arnason Patrik Elias Jordan Eberle 30 1 2 2
3 Jonathan Matsumoto Ryan Bayda Mattias Weinhandl 20 1 2 2
4 Colin Fraser Alexei Ponikarovsky Matt Ellison 10 1 2 2
5 vs 5 Defense
Defense Defense Time % Phy DF OF
1 Chris Pronger Jordan Leopold 40 1 2 2
2 Matt Smaby Nick Schultz 30 1 2 2
3 Ed Jovanovski Janne Niskala 20 1 2 2
4 Chris Pronger Jordan Leopold 10 1 2 2
PowerPlay Forward
Center Left Wing Right Wing Time % Phy DF OF
1 Brooks Laich Sergei Samsonov Peter Prucha 60 1 2 2
2 Tyler Arnason Patrik Elias Jordan Eberle 40 1 2 2
PowerPlay Defense
Defense Defense Time % Phy DF OF
1 Chris Pronger Jordan Leopold 60 1 2 2
2 Matt Smaby Nick Schultz 40 1 2 2
Penalty Kill 4 Players Forward
Center Wing Time % Phy DF OF
1 Sergei Samsonov Brooks Laich 60 1 2 2
2 Peter Prucha Patrik Elias 40 1 2 2
Penalty Kill 4 Players Defense
Defense Defense Time % Phy DF OF
1 Chris Pronger Jordan Leopold 60 1 2 2
2 Matt Smaby Nick Schultz 40 1 2 2
Penalty Kill - 3 Players Forward
Forward Time % Phy DF OF
1 Sergei Samsonov 60 1 2 2
2 Brooks Laich 40 1 2 2
Penalty Kill - 3 Players Defense
Defense Defense Time % Phy DF OF
1 Chris Pronger Jordan Leopold 60 1 2 2
2 Matt Smaby Nick Schultz 40 1 2 2
4 vs 4 Forward
Center Wing Time % Phy DF OF
1 Sergei Samsonov Brooks Laich 60 1 2 2
2 Peter Prucha Patrik Elias 40 1 2 2
4 vs 4 Defense
Defense Defense Time % Phy DF OF
1 Chris Pronger Jordan Leopold 60 1 2 2
2 Matt Smaby Nick Schultz 40 1 2 2
Last Minutes Offensive
Center Left Wing Right Wing Defense Defense
Brooks Laich Sergei Samsonov Peter Prucha Chris Pronger Jordan Leopold
Last Minutes Defensive
Center Left Wing Right Wing Defense Defense
Brooks Laich Sergei Samsonov Peter Prucha Chris Pronger Jordan Leopold
Goaltenders
Starting : Jean-Sébastien Giguère
Backup : Mike Smith
Extra Forwards
Normal : Ryan Bayda, Alexei Ponikarovsky, Mattias Weinhandl - PP : Ryan Bayda, Alexei Ponikarovsky - PK : Mattias Weinhandl
Extra Defensemen
Normal : Ed Jovanovski, Janne Niskala, Matt Smaby - PP : Ed Jovanovski - PK : Janne Niskala, Matt Smaby
Penalty Shots
Sergei Samsonov, Brooks Laich, Peter Prucha, Patrik Elias, Ryan Bayda
Bruins
5 vs 5 Forward
Center Left Wing Right Wing Time % Phy DF OF
1 Eric Lindros Wojtek Wolski Vitali Yachmenev 40 1 2 2
2 Jeff Carter Scott Hartnell Victor Oreskovich 30 1 2 2
3 Matt Hendricks Matt Cooke Dainius Zubrus 20 1 2 2
4 Dave Bolland Viktor Stalberg Wojtek Wolski 10 1 2 2
5 vs 5 Defense
Defense Defense Time % Phy DF OF
1 Andrew Alberts Ryan O'Byrne 40 1 2 2
2 Mark Stuart Jason Demers 30 1 2 2
3 Christoph Schubert Tom Gilbert 20 1 2 2
4 Andrew Alberts Ryan O'Byrne 10 1 2 2
PowerPlay Forward
Center Left Wing Right Wing Time % Phy DF OF
1 Eric Lindros Wojtek Wolski Vitali Yachmenev 60 1 2 2
2 Jeff Carter Scott Hartnell Victor Oreskovich 40 1 2 2
PowerPlay Defense
Defense Defense Time % Phy DF OF
1 Andrew Alberts Ryan O'Byrne 60 1 2 2
2 Mark Stuart Jason Demers 40 1 2 2
Penalty Kill 4 Players Forward
Center Wing Time % Phy DF OF
1 Wojtek Wolski Eric Lindros 60 1 2 2
2 Scott Hartnell Jeff Carter 40 1 2 2
Penalty Kill 4 Players Defense
Defense Defense Time % Phy DF OF
1 Andrew Alberts Ryan O'Byrne 60 1 2 2
2 Mark Stuart Jason Demers 40 1 2 2
Penalty Kill - 3 Players Forward
Forward Time % Phy DF OF
1 Wojtek Wolski 60 1 2 2
2 Eric Lindros 40 1 2 2
Penalty Kill - 3 Players Defense
Defense Defense Time % Phy DF OF
1 Andrew Alberts Ryan O'Byrne 60 1 2 2
2 Mark Stuart Jason Demers 40 1 2 2
4 vs 4 Forward
Center Wing Time % Phy DF OF
1 Wojtek Wolski Eric Lindros 60 1 2 2
2 Scott Hartnell Jeff Carter 40 1 2 2
4 vs 4 Defense
Defense Defense Time % Phy DF OF
1 Andrew Alberts Ryan O'Byrne 60 1 2 2
2 Mark Stuart Jason Demers 40 1 2 2
Last Minutes Offensive
Center Left Wing Right Wing Defense Defense
Eric Lindros Wojtek Wolski Vitali Yachmenev Andrew Alberts Ryan O'Byrne
Last Minutes Defensive
Center Left Wing Right Wing Defense Defense
Eric Lindros Wojtek Wolski Vitali Yachmenev Andrew Alberts Ryan O'Byrne
Goaltenders
Starting : Evgeni Nabokov
Backup : Karri Ramo
Extra Forwards
Normal : Matt Cooke, Viktor Stalberg, Dainius Zubrus - PP : Matt Cooke, Viktor Stalberg - PK : Dainius Zubrus
Extra Defensemen
Normal : Christoph Schubert, Tom Gilbert, Mark Stuart - PP : Christoph Schubert - PK : Tom Gilbert, Mark Stuart
Penalty Shots
Wojtek Wolski, Eric Lindros, Scott Hartnell, Jeff Carter, Matt Cooke
% Time on Ice - Nordiques
Lines # - Real PCT - Wanted PCT - Time Play
Normal Forward
1 - 29% - 40% - 9:36
2 - 27% - 30% - 8:49
3 - 26% - 20% - 8:28
4 - 19% - 10% - 6:07
Normal Defense
1 - 39% - 40% - 13:00
2 - 31% - 30% - 10:10
3 - 28% - 20% - 9:17
4 - 2% - 10% - 0:33
PP Forward
1 - 59% - 60% - 6:12
2 - 41% - 40% - 4:21
PP Defense
1 - 52% - 60% - 5:28
2 - 48% - 40% - 5:05
PK Forward
1 - 69% - 60% - 8:29
2 - 31% - 40% - 3:47
PK Defense
1 - 59% - 60% - 7:17
2 - 41% - 40% - 4:59
PK3 Forward
1 - 100% - 60% - 0:31
2 - 0% - 40% - 0:00
PK3 Defense
1 - 84% - 60% - 0:26
2 - 16% - 40% - 0:05
44 Forward
1 - 88% - 60% - 2:49
2 - 12% - 40% - 0:24
44 Defense
1 - 70% - 60% - 2:15
2 - 30% - 40% - 0:58
Last Minute Offensive - 0:00
Last Minute Defensive - 0:27
Total
Forward - 60:00
Defense - 60:00
|
% Time on Ice - Bruins
Lines # - Real PCT - Wanted PCT - Time Play
Normal Forward
1 - 30% - 40% - 10:02
2 - 29% - 30% - 9:29
3 - 28% - 20% - 9:20
4 - 13% - 10% - 4:09
Normal Defense
1 - 41% - 40% - 13:26
2 - 34% - 30% - 11:15
3 - 24% - 20% - 8:03
4 - 1% - 10% - 0:16
PP Forward
1 - 58% - 60% - 7:16
2 - 42% - 40% - 5:10
PP Defense
1 - 65% - 60% - 8:08
2 - 35% - 40% - 4:18
PK Forward
1 - 70% - 60% - 7:24
2 - 30% - 40% - 3:09
PK Defense
1 - 55% - 60% - 5:47
2 - 45% - 40% - 4:46
PK3 Forward
1 - 0% - 60%
2 - 0% - 40%
PK3 Defense
1 - 0% - 60%
2 - 0% - 40%
44 Forward
1 - 90% - 60% - 3:13
2 - 10% - 40% - 0:21
44 Defense
1 - 84% - 60% - 3:00
2 - 16% - 40% - 0:34
Last Minute Offensive - 0:27
Last Minute Defensive - 0:00
Total
Forward - 60:00
Defense - 60:00
|
Play by Play
1st period
0:01 of 1st period - Brooks Laich wins face-off versus Eric Lindros in neutral zone.
0:16 of 1st period - Snap shot by Wojtek Wolski.
0:16 of 1st period - Shot Misses the Net.
0:26 of 1st period - Sergei Samsonov is hit by Matt Hendricks and loses puck.
0:55 of 1st period - Jordan Eberle is hit by Jeff Carter and loses puck.
1:19 of 1st period - Off-side.
1:20 of 1st period - Eric Lindros wins face-off versus Colin Fraser in neutral zone.
1:23 of 1st period - Snap shot by Wojtek Wolski.
1:23 of 1st period - Deflect By Vitali Yachmenev.
1:23 of 1st period - Stopped by Jean-Sébastien Giguère with a rebound.
1:45 of 1st period - Christoph Schubert is hit by Jordan Eberle and loses puck.
2:13 of 1st period - Slapshot by Ryan Bayda.
2:13 of 1st period - Stopped by Evgeni Nabokov with a rebound.
2:15 of 1st period - Slapshot by Matt Smaby.
2:15 of 1st period - Deflect By Ryan Bayda.
2:15 of 1st period - Goal by Ryan Bayda - Nordiques : 1 - Bruins : 0.
2:16 of 1st period - Brooks Laich wins face-off versus Eric Lindros in neutral zone.
2:23 of 1st period - Minor Penalty to Wojtek Wolski for Holding.
2:24 of 1st period - Dainius Zubrus wins face-off versus Brooks Laich in Bruins zone.
2:34 of 1st period - Slapshot by Chris Pronger.
2:34 of 1st period - Stopped by Evgeni Nabokov with a rebound.
3:16 of 1st period - Jason Demers is hit by Nick Schultz and loses puck.
4:23 of 1st period - Penalty to Wojtek Wolski is over, Wojtek Wolski is back on ice.
4:28 of 1st period - Mark Stuart is hit by Nick Schultz and loses puck.
4:53 of 1st period - Wrist shot by Matt Cooke.
4:53 of 1st period - Stopped by Jean-Sébastien Giguère without a rebound.
4:54 of 1st period - Colin Fraser wins face-off versus Scott Hartnell in Nordiques zone.
4:54 of 1st period - Colin Fraser is hit by Victor Oreskovich.
5:04 of 1st period - Snap shot by Matt Ellison.
5:04 of 1st period - Stopped by Evgeni Nabokov without a rebound.
5:05 of 1st period - Eric Lindros wins face-off versus Brooks Laich in Bruins zone.
6:19 of 1st period - Snap shot by Dave Bolland.
6:19 of 1st period - Shot Blocked by Peter Prucha.
7:39 of 1st period - Alexei Ponikarovsky is hit by Matt Hendricks and loses puck.
8:01 of 1st period - Icing by Eric Lindros.
8:02 of 1st period - Brooks Laich wins face-off versus Jeff Carter in Bruins zone.
8:05 of 1st period - Slapshot by Sergei Samsonov.
8:05 of 1st period - Stopped by Evgeni Nabokov with a rebound.
8:17 of 1st period - Slapshot by Jeff Carter.
8:17 of 1st period - Shot Blocked by Jordan Leopold.
8:31 of 1st period - Snap shot by Dainius Zubrus.
8:31 of 1st period - Stopped by Jean-Sébastien Giguère with a rebound.
8:35 of 1st period - Wrist shot by Matt Cooke.
8:35 of 1st period - Shot Misses the Net.
8:55 of 1st period - Snap shot by Mattias Weinhandl.
8:55 of 1st period - Shot Misses the Net.
8:57 of 1st period - Wrist shot by Jonathan Matsumoto.
8:57 of 1st period - Shot Misses the Net.
9:20 of 1st period - Icing by Mark Stuart.
9:21 of 1st period - Brooks Laich wins face-off versus Jeff Carter in Bruins zone.
9:44 of 1st period - Snap shot by Victor Oreskovich.
9:44 of 1st period - Deflect By Jeff Carter.
9:44 of 1st period - Shot Misses the Net.
9:44 of 1st period - Puck is out of play.
9:45 of 1st period - Eric Lindros wins face-off versus Tyler Arnason in Nordiques zone.
9:48 of 1st period - Backhand shot by Eric Lindros.
9:48 of 1st period - Stopped by Jean-Sébastien Giguère without a rebound.
9:49 of 1st period - Jordan Eberle wins face-off versus Eric Lindros in Nordiques zone.
9:49 of 1st period - Jordan Eberle is hit by Eric Lindros.
10:19 of 1st period - Wrist shot by Matt Hendricks.
10:19 of 1st period - Shot Misses the Net.
10:21 of 1st period - Slapshot by Ryan O'Byrne.
10:21 of 1st period - Shot Misses the Net.
10:56 of 1st period - Janne Niskala is hit by Tom Gilbert and loses puck.
11:53 of 1st period - Slapshot by Peter Prucha.
11:53 of 1st period - Shot Misses the Net.
12:27 of 1st period - Icing by Ryan O'Byrne.
12:28 of 1st period - Matt Hendricks wins face-off versus Colin Fraser in Bruins zone.
12:28 of 1st period - Matt Hendricks is hit by Alexei Ponikarovsky.
12:42 of 1st period - Snap shot by Dainius Zubrus.
12:42 of 1st period - Deflect By Matt Cooke.
12:42 of 1st period - Stopped by Jean-Sébastien Giguère with a rebound.
12:44 of 1st period - Wrist shot by Matt Hendricks.
12:44 of 1st period - Stopped by Jean-Sébastien Giguère without a rebound.
12:45 of 1st period - Jeff Carter wins face-off versus Brooks Laich in Nordiques zone.
13:19 of 1st period - Wrist shot by Tyler Arnason.
13:19 of 1st period - Stopped by Evgeni Nabokov with a rebound.
13:49 of 1st period - Minor Penalty to Ed Jovanovski for High sticking.
13:50 of 1st period - Sergei Samsonov wins face-off versus Eric Lindros in Nordiques zone.
13:57 of 1st period - Icing by Eric Lindros.
13:58 of 1st period - Eric Lindros wins face-off versus Sergei Samsonov in Bruins zone.
14:07 of 1st period - Snap shot by Wojtek Wolski.
14:07 of 1st period - Stopped by Jean-Sébastien Giguère with a rebound.
14:09 of 1st period - Slapshot by Andrew Alberts.
14:09 of 1st period - Deflect By Wojtek Wolski.
14:09 of 1st period - Stopped by Jean-Sébastien Giguère without a rebound.
14:10 of 1st period - Eric Lindros wins face-off versus Sergei Samsonov in Nordiques zone.
14:48 of 1st period - Slapshot by Jeff Carter.
14:48 of 1st period - Shot Misses the Net.
14:50 of 1st period - Backhand shot by Ryan O'Byrne.
14:50 of 1st period - Shot Blocked by Matt Smaby.
15:18 of 1st period - Mark Stuart is hit by Matt Smaby and loses puck.
15:49 of 1st period - Penalty to Ed Jovanovski is over, Ed Jovanovski is back on ice.
16:03 of 1st period - Andrew Alberts is hit by Patrik Elias and loses puck.
16:16 of 1st period - Backhand shot by Ryan Bayda.
16:16 of 1st period - Shot Misses the Net.
16:18 of 1st period - Wrist shot by Jonathan Matsumoto.
16:18 of 1st period - Shot Misses the Net.
16:20 of 1st period - Snap shot by Chris Pronger.
16:20 of 1st period - Shot Blocked by Andrew Alberts.
16:36 of 1st period - Mark Stuart is hit by Jordan Leopold and loses puck.
16:55 of 1st period - Slapshot by Jordan Eberle.
16:55 of 1st period - Shot Misses the Net.
16:57 of 1st period - Slapshot by Chris Pronger.
16:57 of 1st period - Shot Blocked by Tom Gilbert.
16:59 of 1st period - Wrist shot by Jordan Eberle.
16:59 of 1st period - Shot Blocked by Tom Gilbert.
18:25 of 1st period - Wrist shot by Patrik Elias.
18:25 of 1st period - Shot Misses the Net.
18:27 of 1st period - Snap shot by Tyler Arnason.
18:27 of 1st period - Stopped by Evgeni Nabokov with a rebound.
18:29 of 1st period - Slapshot by Jordan Eberle.
18:29 of 1st period - Shot Misses the Net.
18:31 of 1st period - Slapshot by Matt Smaby.
18:31 of 1st period - Shot Misses the Net.
18:41 of 1st period - Brooks Laich is hit by Wojtek Wolski and loses puck.
19:03 of 1st period - Mattias Weinhandl is hit by Vitali Yachmenev and loses puck.
19:52 of 1st period - Snap shot by Matt Ellison.
19:52 of 1st period - Stopped by Evgeni Nabokov without a rebound.
19:53 of 1st period - Brooks Laich wins face-off versus Jeff Carter in Bruins zone.
Goals for this period are 1 for Nordiques vs 0 for Bruins.
Shots for this period are 8 for Nordiques vs 8 for Bruins.
2nd period
0:01 of 2nd period - Eric Lindros wins face-off versus Brooks Laich in neutral zone.
0:16 of 2nd period - Slapshot by Chris Pronger.
0:16 of 2nd period - Shot Misses the Net.
0:24 of 2nd period - Minor Penalty to Peter Prucha for Slashing.
0:25 of 2nd period - Wojtek Wolski wins face-off versus Sergei Samsonov in Nordiques zone.
0:40 of 2nd period - Snap shot by Wojtek Wolski.
0:40 of 2nd period - Shot Blocked by Chris Pronger.
2:24 of 2nd period - Penalty to Peter Prucha is over, Peter Prucha is back on ice.
2:37 of 2nd period - Snap shot by Matt Cooke.
2:37 of 2nd period - Shot Blocked by Nick Schultz.
2:39 of 2nd period - Wrist shot by Dainius Zubrus.
2:39 of 2nd period - Deflect By Matt Hendricks.
2:39 of 2nd period - Stopped by Jean-Sébastien Giguère without a rebound.
2:40 of 2nd period - Matt Hendricks wins face-off versus Mattias Weinhandl in Nordiques zone.
2:51 of 2nd period - Snap shot by Mattias Weinhandl.
2:51 of 2nd period - Stopped by Evgeni Nabokov with a rebound.
2:53 of 2nd period - Slapshot by Ed Jovanovski.
2:53 of 2nd period - Stopped by Evgeni Nabokov with a rebound.
2:55 of 2nd period - Snap shot by Ryan Bayda.
2:55 of 2nd period - Stopped by Evgeni Nabokov without a rebound.
2:56 of 2nd period - Brooks Laich wins face-off versus Eric Lindros in Bruins zone.
2:57 of 2nd period - Slapshot by Sergei Samsonov.
2:57 of 2nd period - Deflect By Peter Prucha.
2:57 of 2nd period - Shot Misses the Net.
2:57 of 2nd period - Puck is out of play.
2:58 of 2nd period - Eric Lindros wins face-off versus Brooks Laich in Bruins zone.
3:02 of 2nd period - Off-side.
3:03 of 2nd period - Wojtek Wolski wins face-off versus Brooks Laich in neutral zone.
3:06 of 2nd period - Chris Pronger is hit by Eric Lindros and loses puck.
3:29 of 2nd period - Snap shot by Eric Lindros.
3:29 of 2nd period - Stopped by Jean-Sébastien Giguère with a rebound.
3:31 of 2nd period - Snap shot by Wojtek Wolski.
3:31 of 2nd period - Stopped by Jean-Sébastien Giguère without a rebound.
3:32 of 2nd period - Tyler Arnason wins face-off versus Jeff Carter in Nordiques zone.
4:16 of 2nd period - Wrist shot by Peter Prucha.
4:16 of 2nd period - Shot Misses the Net.
4:32 of 2nd period - Minor Penalty to Sergei Samsonov for Hooking.
4:33 of 2nd period - Brooks Laich wins face-off versus Eric Lindros in Nordiques zone.
4:46 of 2nd period - Snap shot by Wojtek Wolski.
4:46 of 2nd period - Stopped by Jean-Sébastien Giguère with a rebound.
4:48 of 2nd period - Snap shot by Wojtek Wolski.
4:48 of 2nd period - Shot Misses the Net.
5:49 of 2nd period - Wrist shot by Patrik Elias.
5:49 of 2nd period - Deflect By Peter Prucha.
5:49 of 2nd period - Shot Misses the Net.
5:49 of 2nd period - Puck is out of play.
5:50 of 2nd period - Eric Lindros wins face-off versus Peter Prucha in Bruins zone.
6:05 of 2nd period - Chris Pronger is hit by Mark Stuart and loses puck.
6:32 of 2nd period - Penalty to Sergei Samsonov is over, Sergei Samsonov is back on ice.
6:44 of 2nd period - Slapshot by Matt Ellison.
6:44 of 2nd period - Stopped by Evgeni Nabokov with a rebound.
6:46 of 2nd period - Wrist shot by Ed Jovanovski.
6:46 of 2nd period - Stopped by Evgeni Nabokov with a rebound.
6:48 of 2nd period - Snap shot by Alexei Ponikarovsky.
6:48 of 2nd period - Stopped by Evgeni Nabokov with a rebound.
7:04 of 2nd period - Snap shot by Wojtek Wolski.
7:04 of 2nd period - Shot Misses the Net.
7:12 of 2nd period - Minor Penalty to Dave Bolland for Interference.
7:13 of 2nd period - Wojtek Wolski wins face-off versus Brooks Laich in Bruins zone.
7:24 of 2nd period - Slapshot by Jordan Leopold.
7:24 of 2nd period - Shot Blocked by Mark Stuart.
7:44 of 2nd period - Wrist shot by Jordan Leopold.
7:44 of 2nd period - Deflect By Tyler Arnason.
7:44 of 2nd period - Shot Misses the Net.
7:44 of 2nd period - Puck is out of play.
7:45 of 2nd period - Jeff Carter wins face-off versus Brooks Laich in Bruins zone.
7:45 of 2nd period - Jeff Carter is hit by Matt Smaby.
8:11 of 2nd period - Tyler Arnason is hit by Wojtek Wolski.
8:59 of 2nd period - Icing by Sergei Samsonov.
9:00 of 2nd period - Tyler Arnason wins face-off versus Scott Hartnell in Nordiques zone.
9:12 of 2nd period - Penalty to Dave Bolland is over, Dave Bolland is back on ice.
10:02 of 2nd period - Ryan O'Byrne is hit by Jordan Leopold and loses puck.
10:11 of 2nd period - Snap shot by Tyler Arnason.
10:11 of 2nd period - Shot Blocked by Ryan O'Byrne.
10:17 of 2nd period - Minor Penalty to Matt Hendricks for Hooking.
10:18 of 2nd period - Brooks Laich wins face-off versus Wojtek Wolski in Bruins zone.
10:27 of 2nd period - Backhand shot by Sergei Samsonov.
10:27 of 2nd period - Stopped by Evgeni Nabokov with a rebound.
10:29 of 2nd period - Wrist shot by Sergei Samsonov.
10:29 of 2nd period - Stopped by Evgeni Nabokov with a rebound.
10:31 of 2nd period - Wrist shot by Sergei Samsonov.
10:31 of 2nd period - Goal by Sergei Samsonov - Nordiques : 2 - Bruins : 0.
10:32 of 2nd period - Eric Lindros wins face-off versus Brooks Laich in neutral zone.
10:43 of 2nd period - Jordan Leopold is hit by Vitali Yachmenev and loses puck.
10:51 of 2nd period - Minor Penalty to Eric Lindros for Cross-checking.
10:52 of 2nd period - Wojtek Wolski wins face-off versus Brooks Laich in Bruins zone.
11:02 of 2nd period - Slapshot by Chris Pronger.
11:02 of 2nd period - Stopped by Evgeni Nabokov without a rebound.
11:03 of 2nd period - Wojtek Wolski wins face-off versus Brooks Laich in Bruins zone.
11:03 of 2nd period - Wojtek Wolski is hit by Peter Prucha.
11:23 of 2nd period - Slapshot by Dainius Zubrus.
11:23 of 2nd period - Shot Blocked by Chris Pronger.
11:41 of 2nd period - Snap shot by Tyler Arnason.
11:41 of 2nd period - Stopped by Evgeni Nabokov with a rebound.
11:43 of 2nd period - Snap shot by Nick Schultz.
11:43 of 2nd period - Shot Misses the Net.
11:45 of 2nd period - Snap shot by Tyler Arnason.
11:45 of 2nd period - Shot Misses the Net.
12:51 of 2nd period - Penalty to Eric Lindros is over, Eric Lindros is back on ice.
13:07 of 2nd period - Snap shot by Mattias Weinhandl.
13:07 of 2nd period - Shot Blocked by Jeff Carter.
13:09 of 2nd period - Minor Penalty to Jeff Carter for Goalie Interference.
13:10 of 2nd period - Tyler Arnason wins face-off versus Wojtek Wolski in Bruins zone.
14:06 of 2nd period - Scott Hartnell is hit by Sergei Samsonov and loses puck.
15:09 of 2nd period - Penalty to Jeff Carter is over, Jeff Carter is back on ice.
15:48 of 2nd period - Mattias Weinhandl is hit by Mark Stuart and loses puck.
16:19 of 2nd period - Vitali Yachmenev is hit by Chris Pronger and loses puck.
16:32 of 2nd period - Jordan Leopold is hit by Matt Cooke and loses puck.
16:53 of 2nd period - Minor Penalty to Alexei Ponikarovsky for Elbowing.
16:54 of 2nd period - Brooks Laich wins face-off versus Jeff Carter in Nordiques zone.
17:07 of 2nd period - Snap shot by Scott Hartnell.
17:07 of 2nd period - Shot Misses the Net.
17:23 of 2nd period - Andrew Alberts is hit by Peter Prucha and loses puck.
18:03 of 2nd period - Icing by Mark Stuart.
18:04 of 2nd period - Eric Lindros wins face-off versus Peter Prucha in Bruins zone.
18:09 of 2nd period - Snap shot by Mark Stuart.
18:09 of 2nd period - Deflect By Victor Oreskovich.
18:09 of 2nd period - Shot Misses the Net.
18:09 of 2nd period - Puck is out of play.
18:10 of 2nd period - Jeff Carter wins face-off versus Peter Prucha in Nordiques zone.
18:37 of 2nd period - Snap shot by Eric Lindros.
18:37 of 2nd period - Shot Misses the Net.
18:39 of 2nd period - Snap shot by Eric Lindros.
18:39 of 2nd period - Shot Misses the Net.
18:41 of 2nd period - Snap shot by Wojtek Wolski.
18:41 of 2nd period - Shot Misses the Net.
18:47 of 2nd period - Minor Penalty to Jordan Leopold for Hooking.
18:48 of 2nd period - Sergei Samsonov wins face-off versus Eric Lindros in Nordiques zone.
18:48 of 2nd period - Sergei Samsonov is hit by Vitali Yachmenev.
18:53 of 2nd period - Penalty to Alexei Ponikarovsky is over, Alexei Ponikarovsky is back on ice.
18:56 of 2nd period - Snap shot by Sergei Samsonov.
18:56 of 2nd period - Stopped by Evgeni Nabokov without a rebound.
18:57 of 2nd period - Vitali Yachmenev wins face-off versus Sergei Samsonov in Bruins zone.
19:01 of 2nd period - Icing by Wojtek Wolski.
19:02 of 2nd period - Eric Lindros wins face-off versus Sergei Samsonov in Bruins zone.
19:06 of 2nd period - Minor Penalty to Vitali Yachmenev for Hooking.
19:07 of 2nd period - Wojtek Wolski wins face-off versus Sergei Samsonov in Bruins zone.
19:11 of 2nd period - Icing by Ryan O'Byrne.
19:12 of 2nd period - Sergei Samsonov wins face-off versus Wojtek Wolski in Bruins zone.
19:15 of 2nd period - Snap shot by Sergei Samsonov.
19:15 of 2nd period - Shot Misses the Net.
19:23 of 2nd period - Wrist shot by Brooks Laich.
19:23 of 2nd period - Goal by Brooks Laich - Nordiques : 3 - Bruins : 0.
19:24 of 2nd period - Wojtek Wolski wins face-off versus Sergei Samsonov in neutral zone.
19:29 of 2nd period - Slapshot by Andrew Alberts.
19:29 of 2nd period - Shot Blocked by Chris Pronger.
Goals for this period are 2 for Nordiques vs 0 for Bruins.
Shots for this period are 13 for Nordiques vs 4 for Bruins.
3rd period
0:01 of 3rd period - Wojtek Wolski wins face-off versus Sergei Samsonov in neutral zone.
0:05 of 3rd period - Icing by Ed Jovanovski.
0:06 of 3rd period - Wojtek Wolski wins face-off versus Sergei Samsonov in Nordiques zone.
0:36 of 3rd period - Icing by Eric Lindros.
0:37 of 3rd period - Wojtek Wolski wins face-off versus Sergei Samsonov in Bruins zone.
0:47 of 3rd period - Penalty to Jordan Leopold is over, Jordan Leopold is back on ice.
1:06 of 3rd period - Penalty to Vitali Yachmenev is over, Vitali Yachmenev is back on ice.
1:34 of 3rd period - Slapshot by Matt Smaby.
1:34 of 3rd period - Stopped by Evgeni Nabokov without a rebound.
1:35 of 3rd period - Tyler Arnason wins face-off versus Jeff Carter in Bruins zone.
1:44 of 3rd period - Slapshot by Scott Hartnell.
1:44 of 3rd period - Shot Misses the Net.
1:59 of 3rd period - Minor Penalty to Janne Niskala for Boarding.
2:00 of 3rd period - Eric Lindros wins face-off versus Sergei Samsonov in Nordiques zone.
2:53 of 3rd period - Icing by Eric Lindros.
2:54 of 3rd period - Wojtek Wolski wins face-off versus Sergei Samsonov in Bruins zone.
2:59 of 3rd period - Chris Pronger is hit by Eric Lindros and loses puck.
3:19 of 3rd period - Off-side.
3:20 of 3rd period - Jeff Carter wins face-off versus Sergei Samsonov in neutral zone.
3:59 of 3rd period - Penalty to Janne Niskala is over, Janne Niskala is back on ice.
4:17 of 3rd period - Off-side.
4:18 of 3rd period - Jonathan Matsumoto wins face-off versus Jeff Carter in neutral zone.
4:18 of 3rd period - Ryan Bayda is hit by Jeff Carter and loses puck.
4:34 of 3rd period - Wrist shot by Ryan Bayda.
4:34 of 3rd period - Stopped by Evgeni Nabokov without a rebound.
4:35 of 3rd period - Eric Lindros wins face-off versus Brooks Laich in Bruins zone.
4:44 of 3rd period - Snap shot by Vitali Yachmenev.
4:44 of 3rd period - Stopped by Jean-Sébastien Giguère with a rebound.
4:46 of 3rd period - Wrist shot by Wojtek Wolski.
4:46 of 3rd period - Goal by Wojtek Wolski - Nordiques : 3 - Bruins : 1.
4:47 of 3rd period - Eric Lindros wins face-off versus Brooks Laich in neutral zone.
5:00 of 3rd period - Snap shot by Sergei Samsonov.
5:00 of 3rd period - Shot Misses the Net.
5:02 of 3rd period - Slapshot by Jordan Leopold.
5:02 of 3rd period - Stopped by Evgeni Nabokov with a rebound.
5:28 of 3rd period - Snap shot by Wojtek Wolski.
5:28 of 3rd period - Shot Misses the Net.
5:40 of 3rd period - Tyler Arnason is hit by Scott Hartnell and loses puck.
5:45 of 3rd period - Slapshot by Jeff Carter.
5:45 of 3rd period - Shot Blocked by Patrik Elias.
5:47 of 3rd period - Snap shot by Jeff Carter.
5:47 of 3rd period - Shot Misses the Net.
5:49 of 3rd period - Wrist shot by Jason Demers.
5:49 of 3rd period - Stopped by Jean-Sébastien Giguère with a rebound.
5:51 of 3rd period - Snap shot by Scott Hartnell.
5:51 of 3rd period - Deflect By Jeff Carter.
5:51 of 3rd period - Stopped by Jean-Sébastien Giguère with a rebound.
5:53 of 3rd period - Wrist shot by Scott Hartnell.
5:53 of 3rd period - Stopped by Jean-Sébastien Giguère with a rebound.
6:53 of 3rd period - Snap shot by Sergei Samsonov.
6:53 of 3rd period - Stopped by Evgeni Nabokov without a rebound.
6:54 of 3rd period - Brooks Laich wins face-off versus Dave Bolland in Bruins zone.
6:55 of 3rd period - Wrist shot by Sergei Samsonov.
6:55 of 3rd period - Stopped by Evgeni Nabokov without a rebound.
6:56 of 3rd period - Dave Bolland wins face-off versus Brooks Laich in Bruins zone.
7:21 of 3rd period - Andrew Alberts is hit by Sergei Samsonov and loses puck.
7:32 of 3rd period - Wrist shot by Sergei Samsonov.
7:32 of 3rd period - Stopped by Evgeni Nabokov with a rebound.
7:34 of 3rd period - Slapshot by Chris Pronger.
7:34 of 3rd period - Shot Misses the Net.
7:36 of 3rd period - Slapshot by Chris Pronger.
7:36 of 3rd period - Deflect By Viktor Stalberg.
7:36 of 3rd period - Stopped by Evgeni Nabokov without a rebound.
7:37 of 3rd period - Wojtek Wolski wins face-off versus Tyler Arnason in Bruins zone.
7:43 of 3rd period - Off-side.
7:44 of 3rd period - Eric Lindros wins face-off versus Tyler Arnason in neutral zone.
8:09 of 3rd period - Slapshot by Scott Hartnell.
8:09 of 3rd period - Shot Misses the Net.
8:31 of 3rd period - Wrist shot by Matt Cooke.
8:31 of 3rd period - Shot Misses the Net.
10:47 of 3rd period - Minor Penalty to Vitali Yachmenev for Interference.
10:48 of 3rd period - Brooks Laich wins face-off versus Wojtek Wolski in Bruins zone.
11:14 of 3rd period - Sergei Samsonov is hit by Mark Stuart and loses puck.
11:36 of 3rd period - Wrist shot by Brooks Laich.
11:36 of 3rd period - Shot Misses the Net.
11:38 of 3rd period - Wrist shot by Sergei Samsonov.
11:38 of 3rd period - Deflect By Brooks Laich.
11:38 of 3rd period - Stopped by Evgeni Nabokov with a rebound.
11:40 of 3rd period - Wrist shot by Peter Prucha.
11:40 of 3rd period - Shot Misses the Net.
11:42 of 3rd period - Slapshot by Brooks Laich.
11:42 of 3rd period - Shot Misses the Net.
11:54 of 3rd period - Snap shot by Peter Prucha.
11:54 of 3rd period - Shot Blocked by Ryan O'Byrne.
11:56 of 3rd period - Wrist shot by Peter Prucha.
11:56 of 3rd period - Shot Misses the Net.
12:00 of 3rd period - Snap shot by Peter Prucha.
12:00 of 3rd period - Stopped by Evgeni Nabokov with a rebound.
12:02 of 3rd period - Snap shot by Brooks Laich.
12:02 of 3rd period - Shot Misses the Net.
12:04 of 3rd period - Snap shot by Brooks Laich.
12:04 of 3rd period - Stopped by Evgeni Nabokov without a rebound.
12:05 of 3rd period - Tyler Arnason wins face-off versus Scott Hartnell in Bruins zone.
12:38 of 3rd period - Jordan Leopold is hit by Scott Hartnell and loses puck.
12:47 of 3rd period - Penalty to Vitali Yachmenev is over, Vitali Yachmenev is back on ice.
12:52 of 3rd period - Icing by Vitali Yachmenev.
12:53 of 3rd period - Jonathan Matsumoto wins face-off versus Matt Hendricks in Bruins zone.
12:58 of 3rd period - Wrist shot by Ryan Bayda.
12:58 of 3rd period - Stopped by Evgeni Nabokov with a rebound.
13:06 of 3rd period - Wrist shot by Ryan Bayda.
13:06 of 3rd period - Shot Misses the Net.
13:08 of 3rd period - Wrist shot by Ryan Bayda.
13:08 of 3rd period - Shot Misses the Net.
14:26 of 3rd period - Minor Penalty to Nick Schultz for High sticking.
14:27 of 3rd period - Sergei Samsonov wins face-off versus Eric Lindros in Nordiques zone.
14:38 of 3rd period - Sergei Samsonov is hit by Wojtek Wolski and loses puck.
15:03 of 3rd period - Off-side.
15:04 of 3rd period - Eric Lindros wins face-off versus Sergei Samsonov in neutral zone.
15:09 of 3rd period - Matt Smaby is hit by Vitali Yachmenev and loses puck.
15:39 of 3rd period - Brooks Laich is hit by Victor Oreskovich and loses puck.
16:26 of 3rd period - Penalty to Nick Schultz is over, Nick Schultz is back on ice.
16:36 of 3rd period - Icing by Jason Demers.
16:37 of 3rd period - Eric Lindros wins face-off versus Tyler Arnason in Bruins zone.
16:48 of 3rd period - Wrist shot by Tyler Arnason.
16:48 of 3rd period - Stopped by Evgeni Nabokov without a rebound.
16:49 of 3rd period - Matt Hendricks wins face-off versus Jonathan Matsumoto in Bruins zone.
16:56 of 3rd period - Snap shot by Mattias Weinhandl.
16:56 of 3rd period - Stopped by Evgeni Nabokov with a rebound.
17:02 of 3rd period - Slapshot by Dainius Zubrus.
17:02 of 3rd period - Shot Blocked by Jordan Leopold.
17:04 of 3rd period - Slapshot by Ryan O'Byrne.
17:04 of 3rd period - Stopped by Jean-Sébastien Giguère with a rebound.
17:15 of 3rd period - Minor Penalty to Victor Oreskovich for Interference.
17:16 of 3rd period - Wojtek Wolski wins face-off versus Brooks Laich in Bruins zone.
17:20 of 3rd period - Minor Penalty to Peter Prucha for Holding.
17:21 of 3rd period - Sergei Samsonov wins face-off versus Wojtek Wolski in Nordiques zone.
17:26 of 3rd period - Wojtek Wolski is hit by Sergei Samsonov and loses puck.
17:33 of 3rd period - Brooks Laich is hit by Andrew Alberts and loses puck.
18:44 of 3rd period - Mattias Weinhandl is hit by Viktor Stalberg and loses puck.
18:53 of 3rd period - Minor Penalty to Chris Pronger for Slashing.
18:54 of 3rd period - Sergei Samsonov wins face-off versus Wojtek Wolski in Nordiques zone.
19:15 of 3rd period - Penalty to Victor Oreskovich is over, Victor Oreskovich is back on ice.
19:20 of 3rd period - Penalty to Peter Prucha is over, Peter Prucha is back on ice.
19:23 of 3rd period - Wrist shot by Wojtek Wolski.
19:23 of 3rd period - Shot Misses the Net.
19:25 of 3rd period - Wrist shot by Wojtek Wolski.
19:25 of 3rd period - Stopped by Jean-Sébastien Giguère with a rebound.
19:27 of 3rd period - Snap shot by Ryan O'Byrne.
19:27 of 3rd period - Shot Blocked by Janne Niskala.
19:29 of 3rd period - Backhand shot by Victor Oreskovich.
19:29 of 3rd period - Shot Misses the Net.
19:31 of 3rd period - Slapshot by Ryan O'Byrne.
19:31 of 3rd period - Goal by Ryan O'Byrne - Nordiques : 3 - Bruins : 2.
19:32 of 3rd period - Eric Lindros wins face-off versus Brooks Laich in neutral zone.
19:39 of 3rd period - Bruins, Evgeni Nabokov is pulled from the net.
19:45 of 3rd period - Wrist shot by Vitali Yachmenev.
19:45 of 3rd period - Shot Misses the Net.
19:47 of 3rd period - Snap shot by Wojtek Wolski.
19:47 of 3rd period - Deflect By Vitali Yachmenev.
19:47 of 3rd period - Shot Misses the Net.
19:47 of 3rd period - Puck is out of play.
19:48 of 3rd period - Randy Carlyle call a timeout for Bruins.
19:48 of 3rd period - Eric Lindros wins face-off versus Peter Prucha in Nordiques zone.
19:58 of 3rd period - Minor Penalty to Chris Pronger for Interference.
19:59 of 3rd period - Sergei Samsonov wins face-off versus Eric Lindros in Nordiques zone.
Goals for this period are 0 for Nordiques vs 2 for Bruins.
Shots for this period are 13 for Nordiques vs 8 for Bruins.
Output by the SimonT Hockey Simulator (STHS) for François Prévost -- Original Page W3C XHTML 1.0 Valid